 Dungeon Crawl Stone Soup version 0.18.1-51-gd549091e01 (webtiles) character file.

2014 magog001 the Blocker (level 9, -1/78 HPs)
             Began as a Minotaur Fighter on Apr 11, 2020.
             Was an Initiate of Nemelex Xobeh.
             Slain by an orc warrior
             ... wielding a +0 halberd
              (10 damage)
             ... on level 6 of the Dungeon on Apr 12, 2020.
             The game lasted 00:29:35 (6360 turns).

magog001 the Blocker (Minotaur Fighter)             Turns: 6360, Time: 00:29:36

Health: -1/78      AC: 12    Str: 24    XL:     9   Next: 2%
Magic:  8/8        EV: 11    Int:  5    God:    Nemelex Xobeh [......]
Gold:   245        SH: 12    Dex: 14    Spells: 0 memorised, 8 levels left

rFire  . . .     SeeInvis +     a - +0 war axe
rCold  + . .     Gourm    .     l - +1 scale mail {rPois}
rNeg   . . .     Faith    .     c - +0 shield
rPois  +         Spirit   .     (helmet restricted)
rElec  .         Dismiss  .     o - +0 cloak
rCorr  .         Reflect  .     (no gloves)
SustAt .         Harm     .     m - +0 pair of boots "Zeudedgh" {rC+}
MR     .....                    (no amulet)
Stlth  +.........               b - +4 ring of dexterity
                                p - ring of see invisible

@: not resistant to hostile enchantments, very unstealthy
A: retaliatory headbutt, horns 2, camouflage 1, sense surroundings 1
a: Renounce Religion


You were on level 6 of the Dungeon.
You worshipped Nemelex Xobeh.
Nemelex Xobeh was noncommittal.
You were not hungry.

You visited 2 branches of the dungeon, and saw 7 of its levels.
You also visited: Sewer.

You collected 245 gold pieces.

Inventory:

Hand Weapons
 a - a +0 war axe (weapon)
 x - a +1 dagger of chaos
 y - a +0 hunting sling
Missiles
 h - 4 javelins (quivered)
 s - 29 sling bullets
 u - 7 tomahawks
Armour
 c - a +0 shield (worn)
 l - a +1 scale mail of poison resistance (worn)
 m - the +0 pair of boots "Zeudedgh" (worn) {rC+}
   (You found it on level 4 of the Dungeon)

   It protects you from cold.
 o - a +0 cloak (worn)
Jewellery
 b - a +4 ring of dexterity (right hand)
 p - a ring of see invisible (left hand)
 r - an uncursed ring of fire
Wands
 d - a wand of flame (26/48)
 q - a wand of lightning (6/15)
Scrolls
 g - 5 scrolls of remove curse
 k - 5 scrolls of identify
 w - a scroll of amnesia
 A - a scroll of acquirement {unknown}
 C - a scroll of holy word {unknown}
Potions
 e - a potion of might
 j - 3 potions of flight
 t - 4 potions of curing
 v - 2 potions of lignification {unknown}
Miscellaneous
 B - a plain deck of war {drawn: 2}
Comestibles
 f - 4 bread rations
 i - 4 meat rations
 n - 3 fruits
 D - 4 chunks of flesh


   Skills:
 * Level 6.6 Fighting
 + Level 5.8 Axes
 * Level 8.3 Armour
 + Level 3.6 Dodging
 + Level 0.5 Stealth
 * Level 8.9 Shields


You had 8 spell levels left.
You didn't know any spells.

Dungeon Overview and Level Annotations

Branches:
Dungeon (6/15)             Temple (1/1) D:6

Altars:
Ashenzari
Cheibriados
Dithmenos
Elyvilon
Fedhas
Gozag
Kikubaaqudgha
Makhleb
Nemelex Xobeh
Okawaru
Pakellas
Qazlal
Ru
Sif Muna
Trog
Vehumet
Xom
Yredelemnul
Zin
The Shining One

Shops:
D:4 (


Innate Abilities, Weirdness & Mutations

You reflexively headbutt those who attack you in melee.
You have a pair of horns on your head.
Your skin changes colour to match your surroundings (Stealth).
You passively map a small area around you.


Message History

The phantom barely misses you. You furiously retaliate!
You headbutt the phantom! The phantom misses you.
The orc warrior barely misses you.
You hit the orc warrior but do no damage.
Your headbutt misses the orc warrior.
The orc warrior is almost dead.
You hit the phantom.
The phantom is heavily damaged.
The phantom hits you but does no damage.
You block the orc warrior's attack.
You hit the orc warrior but do no damage.
You headbutt the orc warrior.
The orc warrior is almost dead.
You closely miss the phantom.
The phantom is heavily damaged.
The phantom hits you.
* * * LOW HITPOINT WARNING * * *
The orc warrior hits you with a halberd!
You die...
Your body disappears without a glow.

..###########...####..)......#...
....# #..## ##.......###.. #.#.#
#.#### ##.....##_##. #.#.# #....#
##.....##'.. #.#.# ####.#
##+##..#..P #.#.# #.# *##....≈
(...# #.# * #....P #.### #.# ,*
####.. #.# *#@# * , #.# #.#
#..Wo...# #.# #.# #.#.....# , ,
#.# ..# #.#$....... , .# ### #
#.....##. , .# #.....# ......#
####### ** *


You could see a phantom and an orc warrior.

Vanquished Creatures
  Grinder (D:5)
  Menkaure (D:4)
  Purgy (D:4)
  A sky beast (D:6)
  An ice beast (D:5)
  3 phantoms
  An ogre (D:6)
  2 centaurs
  A big kobold (Sewer)
  A scorpion (D:4)
  A howler monkey (D:5)
  A crimson imp (D:6)
  Crazy Yiuf (D:3)
  3 orc priests
  2 iguanas
  Natasha (thrice) (D:4 D:5)
  7 orc wizards
  4 worker ants
  Robin (D:4)
  A howler monkey zombie (D:6)
  A worker ant zombie (D:5)
  6 adders
  A shadow imp (D:5)
  An ooze (D:1)
  2 adder skeletons
  An adder zombie (D:5)
  A worm (D:3)
  2 dart slugs (D:2)
  A giant gecko (D:3)
  18 orcs
  4 giant cockroaches
  10 goblins
  5 hobgoblins
  10 jackals
  2 quokkas
  2 ball pythons (D:2)
  7 bats
  4 giant newts
  A jackal zombie (D:6)
  12 kobolds
  10 rats
  A bush (Temple)
  A plant (Temple)
140 creatures vanquished.

Notes
Turn   | Place    | Note
--------------------------------------------------------------
     0 | D:1      | magog001 the Minotaur Fighter began the quest for the Orb.
     0 | D:1      | Reached XP level 1. HP: 19/19 MP: 0/0
   178 | D:1      | Reached XP level 2. HP: 27/27 MP: 1/1
  1108 | D:2      | Reached XP level 3. HP: 31/33 MP: 2/2
  1142 | D:2      | Found an iron altar of Okawaru.
  1682 | D:2      | Reached XP level 4. HP: 37/40 MP: 3/3
  2043 | D:3      | Noticed a centaur
  2047 | D:3      | Killed a centaur
  2047 | D:3      | Reached skill level 5 in Armour
  2047 | D:3      | Reached skill level 1 in Dodging
  2047 | D:3      | Reached skill level 5 in Shields
  2047 | D:3      | Reached XP level 5. HP: 19/47 MP: 4/4
  2180 | D:3      | Found a blossoming altar of Fedhas.
  2189 | D:3      | Found a glowing drain.
  2226 | Sewer    | Entered a sewer
  2388 | Sewer    | Reached XP level 6. HP: 49/53 MP: 5/5
  2402 | Sewer    | Found a glowing silver altar of Zin.
  2493 | D:3      | Found a radiant altar of Vehumet.
  2498 | D:3      | Found a stormy altar of Qazlal.
  2558 | D:3      | Noticed Crazy Yiuf
  2561 | D:3      | Killed Crazy Yiuf
  2806 | D:3      | Found a bloodstained altar of Trog.
  3160 | D:4      | Noticed Purgy
  3175 | D:4      | Killed Purgy
  3175 | D:4      | Reached skill level 5 in Fighting
  3370 | D:4      | Found a glowing silver altar of Zin.
  3395 | D:4      | Noticed Natasha
  3401 | D:4      | Killed Natasha
  3401 | D:4      | Reached XP level 7. HP: 57/61 MP: 6/6
  3430 | D:4      | Noticed Menkaure
  3442 | D:4      | Killed Menkaure
  3844 | D:4      | Noticed Natasha
  3850 | D:4      | Killed Natasha
  3858 | D:4      | Got a pair of heavily runed boots
  3869 | D:4      | Identified the +0 pair of boots "Zeudedgh" {rC+} (You found it on level 4 of the Dungeon)
  4220 | D:4      | Noticed Robin
  4237 | D:4      | Killed Robin
  4253 | D:4      | Found Didiam's Weapon Shoppe.
  4520 | D:5      | Entered Level 5 of the Dungeon
  4552 | D:5      | Noticed Natasha
  4562 | D:5      | Killed Natasha
  4696 | D:5      | Reached XP level 8. HP: 58/69 MP: 7/7
  4699 | D:5      | Found a deep blue altar of Sif Muna.
  4754 | D:5      | Found a sacrificial altar of Ru.
  4848 | D:5      | Noticed Grinder
  4858 | D:5      | Killed Grinder
  4858 | D:5      | Reached skill level 5 in Axes
  5076 | D:5      | Found an oddly glowing altar of Pakellas.
  5083 | D:5      | Found a white marble altar of Elyvilon.
  5473 | D:6      | Found a staircase to the Ecumenical Temple.
  5503 | Temple   | Entered the Ecumenical Temple
  5540 | Temple   | Became a worshipper of Nemelex Xobeh the Trickster
  5653 | D:6      | Gained mutation: You passively map a small area around you. [mutagenic meat]
  5654 | D:6      | Gained mutation: Your skin changes colour to match your surroundings (Stealth). [mutagenic meat]
  5879 | D:6      | Received a gift from Nemelex Xobeh
  6045 | D:6      | Found a glowing golden altar of the Shining One.
  6068 | D:6      | Found a burning altar of Makhleb.
  6068 | D:6      | Found a shimmering altar of Xom.
  6162 | D:6      | Reached XP level 9. HP: 41/78 MP: 8/8
  6360 | D:6      | Slain by an orc warrior

Skill      XL: |  1  2  3  4  5  6  7  8 |
---------------+-------------------------+-----
Shields        | 4 5 6 7 8 |  8.9
Armour         | 4 5 6 7 8 |  8.3
Fighting       | 4 5 6 |  6.6
Axes           | 3 4 5 |  5.8
Dodging        | 1 2 3 |  3.6
Stealth        | |  0.5

Action                   |  1- 3 |  4- 6 |  7- 9 || total
-------------------------+-------+-------+-------++-------
Melee: War axe           |    79 |   119 |   233 ||   431
       Headbutt          |    10 |    17 |    61 ||    88
Evoke: Deck              |       |       |     2 ||     2
  Use: Potion            |       |     4 |     6 ||    10
       Scroll            |       |       |     7 ||     7
  Eat: Chunk             |     2 |     4 |     6 ||    12
       Royal jelly       |       |     1 |     1 ||     2
       Beef jerky        |       |       |     2 ||     2
       Fruit             |       |       |     1 ||     1
Armor: Scale mail        |    41 |    72 |    67 ||   180
Dodge: Dodged            |    26 |    36 |    76 ||   138
Block: Shield            |    57 |    94 |   119 ||   270
